 Dungeon Crawl Stone Soup version 0.30.1-3-gfc49f6343a (webtiles) character file.

Game seed: 11944226260494629263

2230 Fv001 the Covered (level 9, -2/79 HPs)
             Began as an Armataur Fighter on July 22, 2023.
             Was a Follower of Okawaru.
             Shot with an arrow by a centaur (8 damage)
             ... on level 6 of the Dungeon.
             The game lasted 00:16:22 (5575 turns).

Fv001 the Covered (Armataur Fighter)                Turns: 5575, Time: 00:16:23

Health: -2/79      AC: 11    Str: 22    XL:     9   Next: 14%
Magic:  9/11       EV: 15    Int:  9    God:    Okawaru [*.....]
Gold:   314        SH:  6    Dex: 13    Spells: 8/8 levels left

rFire   . . .        a - +7 war axe (heavy)
rCold   . . .        k - +0 buckler
rNeg    + . .        h - +0 scale mail
rPois   .            n - +1 helmet
rElec   .            (no cloak)
rCorr   .            (no gloves)
SInv    .            (no barding)
Will    .....        (no amulet)
Stlth   ++           e - ring of positive energy
HPRegen 0.33/turn    l - +5 ring of evasion
MPRegen 0.12/turn

%: roll
@: heroic
A: large, rugged brown scales 3, deformed body, armoured tail, roll, long
tongue, awkward tongue
a: Renounce Religion, Heroism


You were on level 6 of the Dungeon.
You worshipped Okawaru.
Okawaru was aware of your devotion.
You visited 2 branches of the dungeon, and saw 7 of its levels.

You collected 314 gold pieces.

Inventory:

Hand Weapons
 a - a +7 heavy war axe (weapon)
 b - a +0 sling
 c - a +1 flail
Armour
 h - a +0 scale mail (worn)
 k - a +0 buckler (worn)
 n - a +1 helmet (worn)
Jewellery
 e - a ring of positive energy (left hand)
 i - a ring of ice
 l - a +5 ring of evasion (right hand)
 x - a ring of resist corrosion
Wands
 f - a wand of flame (45)
 q - a wand of paralysis (4)
Scrolls
 j - 12 scrolls of teleportation
 o - a scroll of immolation {unknown}
 p - 5 scrolls of amnesia
 r - 3 scrolls of identify
 s - 2 scrolls of vulnerability {unknown}
 v - a scroll of fear
Potions
 d - 2 potions of curing
 g - 2 potions of lignification {unknown}
 m - 2 potions of degeneration {unknown}
 t - 2 potions of heal wounds
 u - a potion of haste
 w - 2 potions of berserk rage {unknown}


   Skills:
 + Level 5.1(10.1) Fighting
 + Level 5.3(10.8) Axes
 + Level 3.9(10.4) Maces & Flails
 + Level 0.4(5.4) Ranged Weapons
 + Level 7.4(12.4) Armour
 + Level 2.1(7.1) Dodging
 + Level 1.4(6.4) Stealth
 + Level 4.9(9.9) Shields
 * Level 3.0 Invocations


You had 8 spell levels left.
You didn't know any spells.
Your spell library contained the following spells:

 Spells                   Type           Power      Damage    Failure   Level
 Magic Dart               Conj           0%         1d3       69%         1
 Cigotuvi's Dreadful Rot  Necr/Pois/Air  0%         N/A       83%         2
 Ensorcelled Hibernation  Hex/Ice        0%         N/A       83%         2
 Passwall                 Tmut/Erth      0%         N/A       83%         2
 Mephitic Cloud           Conj/Pois/Air  0%         N/A       96%         3
 Swiftness                Air            0%         N/A       96%         3
 Dispel Undead            Necr           0%         3d6       100%        4
 Call Imp                 Summ           Unusable   N/A       N/A         2
 Death Channel            Necr           Unusable   N/A       N/A         6

Dungeon Overview and Level Annotations

Branches:
Dungeon (6/15)             Temple (1/1) D:5

Altars:
Ashenzari
Dithmenos
Elyvilon
Gozag
Okawaru
Qazlal
Ru
Trog
Uskayaw
Vehumet
Wu Jian
Xom
Yredelemnul
The Shining One


Innate Abilities, Weirdness & Mutations

You are completely covered in rugged brown scales. (AC +3, +7% HP)
Armour fits poorly on your strangely shaped body.
You have a long armoured tail.
You roll when moving toward enemies. (Rampage)
Your long tongue fully drains potion bottles. (2x potion effects)
Your tongue gives you trouble enunciating. (1.5x scroll delay)


Message History

You see here 3 stones.
You start resting.
HP restored.
The centaur shouts!
You hear a shout!
The centaur shoots an arrow.
You block the arrow.
The centaur shoots an arrow.
The arrow hits you!
The centaur shoots an arrow.
The arrow hits you.
You hear a shout!
The centaur shouts!
The centaur wields a +0 shortbow.
The centaur shoots an arrow.
You block the arrow.
The centaur shouts!
You hear a shout!
The centaur shoots an arrow.
The arrow hits you.
The centaur shoots an arrow.
The arrow hits you.
The centaur shoots an arrow.
The arrow closely misses you.
The centaur shoots an arrow.
You block the arrow.
The centaur shoots an arrow.
The arrow hits you but does no damage.
The centaur shouts! x2
The centaur shoots an arrow.
The arrow hits you.
The centaur shoots an arrow.
The arrow hits you!
The centaur shoots an arrow.
The arrow closely misses you.
The centaur shouts!
The centaur shoots an arrow.
The arrow barely misses you.
The centaur shoots an arrow.
The arrow hits you.
The centaur shoots an arrow.
The arrow closely misses you.
The centaur shoots an arrow.
The arrow hits you!
The centaur shoots an arrow.
The arrow hits you.
The centaur shoots an arrow.
The arrow hits you!
The centaur shoots an arrow.
The arrow completely misses you.
You gain the combat prowess of a mighty hero.
The centaur shoots an arrow.
You block the arrow.
The centaur shoots an arrow.
The arrow hits you.
* * * LOW HITPOINT WARNING * * *
The centaur shoots an arrow.
The arrow hits you.
* * * LOW HITPOINT WARNING * * *
The centaur shoots an arrow.
The arrow misses you.
The centaur shoots an arrow.
The arrow hits you.
* * * LOW HITPOINT WARNING * * *
The centaur shoots an arrow.
The arrow hits you!
* * * LOW HITPOINT WARNING * * *
The centaur shoots an arrow.
You block the arrow.
The centaur shoots an arrow.
The arrow hits you!
You die...

#########...)....#.#
#........#.# #........#'###
#.............
#.............
#............)
##########.............
#.......##.............
#.......##@.....≈≈≈≈#... ##
#............≈≈≈≈≈≈≈≈#..##.
#.........≈≈≈≈≈≈≈≈≈≈≈≈≈≈≈#.
#...#..≈≈≈≈≈≈≈≈≈≈≈≈≈≈≈≈≈≈≈≈
#...#|≈≈≈≈≈≈≈≈c.≈≈≈≈≈≈≈≈≈≈≈
#...#.≈≈≈≈≈≈c.cc..≈≈≈≈≈≈≈≈≈
#...##≈≈≈≈≈.cc.....≈≈≈≈≈≈≈≈
#...##≈≈≈≈≈...#'#.c≈≈≈≈≈≈≈≈
#.....≈≈≈≈....#.#.c≈≈≈≈≈≈≈≈


You could see 6 centaurs.

Vanquished Creatures
  Pikel (D:4)
  Sigmund (D:3)
  Eustachio (D:5)
  Menkaure (D:4)
  Edmund (D:4)
  A water moccasin (D:6)
  A sky beast (D:6)
  A black bear (D:6)
  2 centaurs (D:6)
  2 ogres (D:5)
  A lemure (D:4)
  A scorpion (D:5)
  A howler monkey (D:6)
  A jelly (D:5)
  2 hounds (D:4)
  A sleepcap (D:6)
  Ijyb (D:5)
  An orc wizard (D:4)
  4 iguanas
  Robin (D:2)
  3 gnolls (D:4)
  9 adders
  A white imp (D:5)
  2 ufetubi
  2 worms (D:2)
  2 dart slugs (D:1)
  13 orcs
  5 ball pythons
  7 bats
  7 endoplasms
  5 giant cockroaches
  14 goblins
  12 hobgoblins
  16 jackals
  3 quokkas
  4 frilled lizards
  10 kobolds
  8 rats
149 creatures vanquished.

Notes
Turn   | Place    | Note
-------+----------+-------------------------------------------
     0 | D:1      | Fv001 the Armataur Fighter began the quest for the Orb.
     0 | D:1      | Reached XP level 1. HP: 19/19 MP: 1/1
    60 | D:1      | Found a faded altar of an unknown god.
    65 | D:1      | Reached XP level 2. HP: 26/26 MP: 2/2
   551 | D:1      | Reached skill level 4 in Armour
   849 | D:2      | Reached XP level 3. HP: 33/33 MP: 3/3
   863 | D:2      | Noticed Robin
  1296 | D:2      | Reached XP level 4. HP: 38/40 MP: 4/4
  1470 | D:2      | Killed Robin
  2165 | D:3      | Noticed Sigmund
  2191 | D:3      | Killed Sigmund
  2192 | D:3      | Reached skill level 5 in Armour
  2192 | D:3      | Reached XP level 5. HP: 35/48 MP: 5/5
  2192 | D:3      | Reached XP level 6. HP: 40/54 MP: 6/6
  2287 | D:3      | Reached skill level 1 in Dodging
  2725 | D:4      | Noticed Edmund
  2736 | D:4      | Killed Edmund
  2737 | D:4      | Reached skill level 1 in Axes
  2737 | D:4      | Reached skill level 1 in Stealth
  2883 | D:4      | Noticed Menkaure
  2884 | D:4      | Reached XP level 7. HP: 59/62 MP: 7/7
  2886 | D:4      | Killed Menkaure
  2887 | D:4      | Reached skill level 6 in Armour
  3084 | D:4      | Noticed Pikel
  3090 | D:4      | Killed Pikel
  3091 | D:4      | Reached XP level 8. HP: 44/71 MP: 8/8
  3386 | D:5      | Entered Level 5 of the Dungeon
  3386 | D:5      | Found a staircase to the Ecumenical Temple.
  3407 | D:5      | Noticed Eustachio
  3418 | D:5      | Killed Eustachio
  3422 | Temple   | Entered the Ecumenical Temple
  3457 | Temple   | Became a worshipper of Warmaster Okawaru
  3689 | D:5      | Noticed Ijyb
  3692 | D:5      | Paralysed by Ijyb for 2 turns
  3701 | D:5      | Killed Ijyb
  3983 | D:5      | Reached skill level 7 in Armour
  4079 | D:5      | Reached skill level 1 in Invocations
  4603 | D:6      | Reached * piety under Okawaru
  4604 | D:6      | Reached skill level 5 in Fighting
  4615 | D:6      | Reached skill level 5 in Axes
  5161 | D:6      | Reached XP level 9. HP: 78/79 MP: 10/10
  5575 | D:6      | Shot with an arrow by a centaur

Illustrated notes

Levels and vault maps discovered:
D:1:      minmay_arrival_doors, layout_rooms, ebering_ecumenical_altar_webs,
          hangedman_feature_mirror, nicolae_concentric_dashed_squares_mild,
          roderic_serpentine_path, fountainhead
D:2:      minmay_diamond_boxcup, layout_basic, uniq_robin
D:3:      minmay_door_path, layout_loops_ring, dreamdust_mushroom_princess,
          guppyfry_early_lair_pool, uniq_sigmund
D:4:      layout_gridville, uniq_edmund, uniq_pikel, uniq_menkaure
D:5:      wander_river, layout_cave_pods, minmay_temple_entry_sparse_star,
          uniq_eustachio, uniq_ijyb
D:6:      layout_basic, centaur_isle
Temple:   eino_temple_water

Skill      XL: |  1  2  3  4  5  6  7  8  9 |
---------------+----------------------------+-----
Fighting       | 3 4 5 |  5.1
Armour         | 4 5 6 7 |  7.4
Maces & Flails | 2 3 |  3.9
Shields        | 4 |  4.9
Dodging        | 1 2 |  2.1
Axes           | 1 3 5 |  5.3
Stealth        | 1 |  1.4
Invocations    | 2 3 |  3.0
Ranged Weapons | |  0.4

Action                     |  1- 3 |  4- 6 |  7- 9 || total
---------------------------+-------+-------+-------++-------
  Melee: Flail             |   109 |   120 |       ||   229
         Tailslap          |     8 |    17 |    13 ||    38
         War axe           |       |    27 |   108 ||   135
   Fire: Sling             |     8 |       |     4 ||    12
 Invoke: Heroism           |       |       |     1 ||     1
    Use: Scroll            |     5 |     6 |     6 ||    17
         Potion            |       |     6 |       ||     6
 Armour: Scale mail        |    67 |    64 |    73 ||   204
  Dodge: Dodged            |    39 |    81 |   122 ||   242
  Block: Buckler           |    19 |    33 |    49 ||   101
